 Dungeon Crawl Stone Soup version 0.25-a0-184-gcd15a05269 (webtiles) character file.

Game seed: 669694495344316026, levelgen mode: deterministic

485 Gumption the Vexing (level 6, -1/57 HPs)
             Began as a Troll Enchanter on Nov 27, 2019.
             Was an Initiate of Wu Jian.
             Killed from afar by an orc wizard (9 damage)
             ... with a puff of flame
             ... on level 4 of the Dungeon.
             The game lasted 00:23:09 (3142 turns).

Gumption the Vexing (Troll Enchanter)               Turns: 3142, Time: 00:23:09

Health: -1/57      AC:  6    Str: 17    XL:     6   Next: 88%
Magic:  8/8        EV: 10    Int: 13    God:    Wu Jian [......]
Gold:   130        SH:  0    Dex: 10    Spells: 3/9 levels left

rFire    x . .     SeeInvis .     - Unarmed
rCold    + . .     Gourm    +   (no shield)
rNeg     . . .     Faith    .   q - +0 robe {MR+}
rPois    .         Spirit   .   (helmet restricted)
rElec    .         Reflect  .   (no cloak)
rCorr    .         Harm     .   (gloves unavailable)
MR       +....                  (boots unavailable)
Stlth    ++........             (no amulet)
HPRegen  0.59/turn              g - ring of ice
MPRegen  0.11/turn              (no ring)

@: no status effects
A: large, unfitting armour, claws 3, fast metabolism 3, gourmand, regeneration
1, shaggy fur 1, tough skin 3
a: Renounce Religion


You were on level 4 of the Dungeon.
You worshipped Wu Jian.
Wu Jian was noncommittal.
You were very hungry.

You visited 2 branches of the dungeon, and saw 5 of its levels.

You collected 130 gold pieces.

Inventory:

Missiles
 a - 2 stones
 c - 6 boomerangs (quivered)
 m - 9 poisoned darts
Armour
 q - a +0 robe of magic resistance (worn)
Jewellery
 g - a ring of ice (left claw)
Wands
 d - a wand of acid (5)
Scrolls
 f - a scroll of fear
 i - 2 scrolls of enchant armour
 j - a scroll of remove curse
 k - a scroll of teleportation
Potions
 h - a potion of haste
 o - a potion of flight
 p - a potion of might
 r - a potion of magic {unknown}
Comestibles
 e - 4 rations


   Skills:
 + Level 1.7 Fighting
   Level 0.7 Short Blades
 + Level 2.2 Dodging
 + Level 2.1 Stealth
 + Level 2.2 Unarmed Combat
 + Level 2.0 Spellcasting
 * Level 3.1 Hexes
 * Level 2.2 Ice Magic


You had 3 spell levels left.
You knew the following spells:

 Your Spells              Type           Power        Failure   Level  Hunger
a - Ensorcelled Hibernat  Hex/Ice        ##....       13%         2    ###....
b - Corona                Hex            #......      7%          1    ##.....
c - Confuse               Hex            #.......     22%         3    ####...

Your spell library contained the following spells:

 Spells                   Type           Power        Failure   Level  Hunger
 Tukima's Dance           Hex            #.......     22%         3    ####...
 Dazzling Spray           Conj/Hex       #.....       38%         3    ####...


Dungeon Overview and Level Annotations

Branches:
Dungeon (4/15)             Temple (1/1) D:4

Altars:
Ashenzari
Dithmenos
Hepliaklqana
Makhleb
Qazlal
Ru
Sif Muna
Uskayaw
Vehumet
Wu Jian
Xom


Innate Abilities, Weirdness & Mutations

You are too large for most types of armour.
You have claws for hands.
Your metabolism is lightning-fast.
You like to eat raw meat.
Your natural rate of healing is unusually fast.
You are covered in fur. (AC +1)
You have extremely tough skin. (AC +3)


Message History

* * * LOW HITPOINT WARNING * * *
The orc hits you with a +0 club.
* * * LOW HITPOINT WARNING * * *
You miss the orc wizard. The orc hits you but does no damage.
The orc wizard hits you with a +0 dagger.
* * * LOW HITPOINT WARNING * * *
The orc hits you but does no damage.
You claw the orc wizard!
The orc wizard is almost dead.
The orc hits you.
* * * LOW HITPOINT WARNING * * *
The orc wizard hits you but does no damage.
The orc hits you with a +0 club.
* * * LOW HITPOINT WARNING * * *
You scratch the orc wizard but do no damage.
The orc wizard is almost dead.
The orc barely misses you. The orc wizard casts a spell at you.
The puff of flame hits you! The fire burns you terribly!
You die...

<...................##....##.....
##..#.##.##...............#......
##.#....###.....................
#.###.# #........#............
..# ## ##.................... #
..# #.....$.###........... .....
#.#.....# #........... .###.
#..##....###........... ## ..
#o@...##...........
#oo............#...
#..###..........# .!.##
.........## .... ...... ......
...... ...... .#. ...>..


You could see an orc wizard and 2 orcs.

Vanquished Creatures
  Sigmund (D:3)
  A hound (D:4)
  An orc priest (D:4)
  An orc wizard (D:4)
  An iguana (D:4)
  4 gnolls
  6 adders
  A shadow imp (D:3)
  5 worms
  A dart slug (D:2)
  4 leopard geckos
  An orc (D:3)
  2 ball pythons (D:3)
  8 bats
  3 giant cockroaches
  8 goblins
  8 hobgoblins
  16 jackals
  8 kobolds
  4 quokkas
  4 frilled lizards
  11 rats
99 creatures vanquished.

Notes
Turn   | Place    | Note
-------+----------+-------------------------------------------
     0 | D:1      | Gumption the Troll Enchanter began the quest for the Orb.
     0 | D:1      | Reached XP level 1. HP: 16/16 MP: 1/1
    63 | D:1      | Reached XP level 2. HP: 24/24 MP: 3/3
    68 | D:1      | Learned a level 2 spell: Ensorcelled Hibernation
   867 | D:2      | Reached XP level 3. HP: 32/32 MP: 4/4
  1159 | D:2      | Reached skill level 1 in Unarmed Combat
  1274 | D:2      | Reached XP level 4. HP: 40/40 MP: 5/5
  1400 | D:2      | Reached skill level 1 in Ice Magic
  1493 | D:2      | Reached skill level 1 in Fighting
  2203 | D:3      | Found a hide-covered altar of Uskayaw.
  2271 | D:3      | Found a sacrificial altar of Ru.
  2294 | D:3      | Noticed Sigmund
  2311 | D:3      | Killed Sigmund
  2311 | D:3      | Reached XP level 5. HP: 31/48 MP: 6/6
  2311 | D:3      | Reached XP level 6. HP: 35/55 MP: 7/7
  2355 | D:3      | Learned a level 3 spell: Confuse
  2836 | D:4      | Found a staircase to the Ecumenical Temple.
  2861 | Temple   | Entered the Ecumenical Temple
  2868 | Temple   | Reached skill level 3 in Hexes
  3038 | Temple   | Became a worshipper of the Wu Jian Council
  3142 | D:4      | Killed from afar by an orc wizard

Levels and vault maps discovered:
D:1:      lightli_arrival_statue_moat, layout_basic, nrook_mini_backslash
D:2:      layout_basic, serial_co_window_serial, co_window_paths_a,
          co_window_paths_a, co_window_corner_a, co_window_paths_a,
          co_window_corner_a, co_window_paths_a, co_window_cross_1,
          co_window_unsneaky_path_b, co_window_of_opportunity_b,
          co_window_2corner, co_window_2corner, co_window_sun,
          co_window_4corner_b, glass_columns_b, glass_columns_b,
          glass_columns_a, glass_columns_a, minmay_tree_intersection,
          minmay_distorted
D:3:      layout_basic, old_standard_altar, marbit_many_paths, uniq_sigmund
D:4:      layout_layer_cave, minmay_temple_entry_tees, first_ration,
          serial_park_tiny_1, minmay_misc_feat_enclosed,
          minmay_misc_feat_encased
Temple:   dpeg_three_leaves_temple

Skill      XL: |  1  2  3  4  5  6 |
---------------+-------------------+-----
Unarmed Combat | 1 2 |  2.2
Ice Magic      | 1 2 |  2.2
Fighting       | 1 |  1.7
Stealth        | 2 |  2.1
Dodging        | 2 |  2.2
Hexes          | 3 |  3.1
Spellcasting   | 2 |  2.0
Short Blades   | |  0.7

Action                   |  1- 3 |  4- 6 || total
-------------------------+-------+-------++-------
Melee: Unarmed           |   161 |   209 ||   370
       Punch             |     1 |       ||     1
Throw: Boomerang         |     3 |    19 ||    22
       Stone             |     3 |       ||     3
  Use: Scroll            |     2 |     8 ||    10
 Stab: Sleeping          |     3 |     4 ||     7
  Eat: Chunk             |     7 |    15 ||    22
       Ration            |     1 |       ||     1
Armor: Robe              |    67 |    85 ||   152
Dodge: Dodged            |   100 |   105 ||   205

Table legend:
 A = Non-vault XP
 B = Vault XP
 C = Vault XP percentage of total XP
 D = Non-vault monster count
 E = Vault monster count
 F = Vault count percentage of total count
                 A         B        C        D         E       F
            +---------+---------+-------+---------+---------+-------
      Total |     468 |     225 |  32.5 |      96 |       3 |   3.0
            +---------+---------+-------+---------+---------+-------
        D:1 |      33 |       0 |   0.0 |      20 |       0 |   0.0
        D:2 |      89 |       1 |   1.1 |      29 |       1 |   3.3
        D:3 |      88 |     224 |  71.8 |      33 |       2 |   5.7
        D:4 |     231 |       0 |   0.0 |      12 |       0 |   0.0
     Temple |      27 |       0 |   0.0 |       2 |       0 |   0.0
            +---------+---------+-------+---------+---------+-------
